 Dungeon Crawl Stone Soup version 0.31-a0-148-gb92c8fe61f (webtiles) character file.

Game seed: 2925507431071522903

58 qw the Shooter (level 3, 0/31 HPs)
             Began as a Minotaur Hunter on June 7, 2023.
             Slain by a gnoll
             ... wielding a +0 club
              (6 damage)
             ... on level 3 of the Dungeon.
             The game lasted 00:00:35 (1724 turns).

qw the Shooter (Minotaur Hunter)                    Turns: 1724, Time: 00:00:35

Health: 0/31       AC:  5    Str: 15    XL:     3   Next: 75%
Magic:  2/2        EV: 11    Int:  6    God:
Gold:   13         SH:  0    Dex: 15    Spells: 2/2 levels left

rFire   . . .        Y - +0 shortbow
rCold   . . .        (shield currently unavailable)
rNeg    . . .        h - +0 ring mail
rPois   .            (helmet restricted)
rElec   .            (no cloak)
rCorr   .            (no gloves)
SInv    .            (no boots)
Will    .....        (no amulet)
Stlth   +            (no ring)
HPRegen 0.25/turn    (no ring)
MPRegen 0.08/turn

%: no passive effects
@: no status effects
A: horns 2, retaliatory headbutt
a: no special abilities


You were on level 3 of the Dungeon.
You visited 1 branch of the dungeon, and saw 3 of its levels.

You collected 121 gold pieces.
You spent 108 gold pieces at shops.


Innate Abilities, Weirdness & Mutations

You have a pair of horns on your head.
You reflexively headbutt those who attack you in melee.


   Skills:
 - Level 3.0 Fighting
 + Level 5.6 Ranged Weapons
 - Level 1.0 Armour
 - Level 2.1 Dodging
 - Level 0.7 Stealth


You had 2 spell levels left.
You didn't know any spells.
Your spell library was empty.

Inventory:

Hand Weapons
 Y - a +0 shortbow (weapon)
Armour
 h - a +0 ring mail (worn)
Scrolls
 b - a scroll of vulnerability {unknown}
 f - a scroll of identify
Potions
 a - a potion of ambrosia {unknown}
 d - a potion of heal wounds {unknown}
 e - a potion of degeneration {unknown}
 g - 5 potions of curing
 i - a potion of attraction {unknown}
 j - a potion of resistance {unknown}

Dungeon Overview and Level Annotations

Branches:
Dungeon (3/15)

Altars:

Shops:
D:3 ?[!=


Message History

Enter note:
Enter note: You shoot an arrow.
The arrow hits the gnoll.
The gnoll is moderately wounded.
A gnoll comes into view. It is wielding a +0 whip.
You shoot an arrow. The arrow completely misses the gnoll.
The gnoll shouts!
You hear a shout!
You shoot an arrow. The arrow closely misses the gnoll.
The gnoll throws a throwing net.
The throwing net misses you.
You shoot an arrow. The arrow hits the gnoll.
The gnoll is heavily wounded.
A gnoll comes into view. It is wielding a +0 club.
The gnoll hits you from afar with a +0 halberd!
You shoot an arrow. The arrow closely misses the gnoll.
The gnoll shouts!
The gnoll misses you.
The gnoll hits you from afar with a +0 halberd.
You shoot an arrow. The arrow hits the gnoll.
The gnoll is almost dead.
The gnoll closely misses you.
You shoot an arrow. The arrow hits the gnoll.
The gnoll is lightly wounded.
The gnoll closely misses you.
The gnoll hits you from afar with a +0 halberd.
You shoot an arrow. The arrow hits the gnoll.
The gnoll is heavily wounded.
The gnoll closely misses you.
You shoot an arrow.
The arrow hits the gnoll but does no damage.
The gnoll is heavily wounded.
The gnoll hits you with a +0 whip. The gnoll closely misses you.
You shoot an arrow. The arrow hits the gnoll!
The gnoll is almost dead.
The gnoll hits you with a +0 whip. The gnoll misses you.
The gnoll barely misses you. The gnoll closely misses you. x2
You shoot an arrow. The arrow hits the gnoll!
You kill the gnoll!
The gnoll hits you with a +0 club.
You die...

.####### ........#
#.........#
........######.........#
.......................
........##.\.........#
........##...........#
........##...........#
..............(.)....+
#.......##....<.@.g..#
#.......##......g....#
#.......###....~~~.##....
#.........#....~\~.# ..
#.........#....~~~.#
#######...#........#
................####
................####
.....................


You could see 2 gnolls.

Vanquished Creatures
  A gnoll (D:3)
  An adder (D:3)
  2 worms (D:2)
  5 bats
  4 endoplasms
  2 giant cockroaches
  6 goblins
  3 hobgoblins
  5 ball pythons
  4 frilled lizards
  10 rats
43 creatures vanquished.

Notes
Turn   | Place    | Note
-------+----------+-------------------------------------------
     0 | D:1      | qw the Minotaur Hunter began the quest for the Orb.
     0 | D:1      | Reached XP level 1. HP: 18/18 MP: 0/0
     0 | D:1      | 0 ||| qw: Version: 0.2-a-117-gc6b5c8b
     0 | D:1      | 0 ||| qw: Game counter: 2549
     0 | D:1      | 0 ||| qw: Always use a shield: true
     0 | D:1      | 0 ||| qw: God list: Okawaru
     0 | D:1      | 0 ||| qw: Allow faded altars: false
     0 | D:1      | 0 ||| qw: Do Orc after D:15 true
     0 | D:1      | 0 ||| qw: Do second Lair branch before Depths: true
     0 | D:1      | 0 ||| qw: Lair rune preference: random
     0 | D:1      | 0 ||| qw: Plans: Normal
     0 | D:1      | 0 ||| PLANNING D:1-11
   182 | D:1      | Reached XP level 2. HP: 25/25 MP: 1/1
   529 | D:1      | Reached skill level 5 in Ranged Weapons
   755 | D:1      | Reached skill level 3 in Fighting
   812 | D:1      | 812 ||| UPGRADING to +0 ring mail.
   822 | D:1      | 822 ||| DROPPING +0 leather armour.
   823 | D:1      | 823 ||| READING scroll labelled QEOFUTIOTIT.
   824 | D:1      | 824 ||| READING scroll labelled DUFUIF NYWODD.
   825 | D:1      | 825 ||| DROPPING scroll of butterflies.
   885 | D:2      | Reached skill level 1 in Armour
   986 | D:2      | Reached XP level 3. HP: 31/31 MP: 2/2
  1492 | D:2      | 1492 ||| READING 3 scrolls labelled RORAIBYMICUO.
  1493 | D:2      | 1493 ||| READING scroll labelled DEZOCS KETHI.
  1494 | D:2      | 1494 ||| READING scroll labelled XASHRE GYVYGRE.
  1498 | D:2      | 1498 ||| READING scroll labelled JIRYTUREAD.
  1499 | D:2      | 1499 ||| DROPPING 2 scrolls of amnesia.
  1550 | D:3      | Found Teot's Jewellery Shoppe.
  1557 | D:3      | 1557 ||| SHOPLISTING +6 ring of dexterity (396 gold, have
                  | 109).
  1557 | D:3      | 1557 ||| SHOPLISTING amulet of reflection (330 gold, have
                  | 109).
  1557 | D:3      | 1557 ||| SHOPLISTING ring of ice (275 gold, have 109).
  1557 | D:3      | 1557 ||| SHOPLISTING ring of poison resistance (220 gold,
                  | have 109).
  1557 | D:3      | 1557 ||| SHOPLISTING ring of protection from fire (275
                  | gold, have 109).
  1557 | D:3      | 1557 ||| SHOPLISTING ring of see invisible (165 gold, have
                  | 109).
  1578 | D:3      | Found Qeuleabe's Armour Boutique.
  1586 | D:3      | 1586 ||| SHOPLISTING +1 acid dragon scales (611 gold, have
                  | 109).
  1586 | D:3      | 1586 ||| SHOPLISTING +2 ring mail of the Endless Expanse
                  | {Str-2 Dex+8} (436 gold, have 109).
  1699 | D:3      | Found Yrih's Distillery.
  1709 | D:3      | Found Tiemuyl's Magic Scroll Shop.
  1710 | D:3      | 1710 ||| BUYING 2 potions of curing (72 gold).
  1710 | D:3      | Bought 2 potions of curing for 72 gold pieces
  1710 | D:3      | 1710 ||| BUYING potion of curing (36 gold).
  1710 | D:3      | Bought a potion of curing for 36 gold pieces
  1710 | D:3      | 1710 ||| SHOPLISTING potion of haste (120 gold, have 13).
  1710 | D:3      | 1710 ||| SHOPLISTING potion of heal wounds (60 gold, have
                  | 13).
  1710 | D:3      | 1710 ||| SHOPLISTING potion of mutation (96 gold, have 13).
  1723 | D:3      | HP: 6/31 [gnoll/+0 whip (6)]
  1724 | D:3      | Slain by a gnoll

Levels and vault maps discovered:
D:1:      scummos_arrival_checkerplants, layout_loops_corners, minmay_cut_off
D:2:      layout_loops_ring
D:3:      layout_basic, mainiacjoe_overflow_brackets, serial_shops,
          nicolae_shop_drivethru, shop, shop, nicolae_shop_industrial_runoff,
          shop, minmay_misc_feat_secret_circle

Skill      XL: |  1  2 |
---------------+-------+-----
Ranged Weapons | 5 |  5.6
Fighting       | 3 |  3.0
Armour         | 1 |  1.0
Dodging        | |  2.1
Stealth        | |  0.7

Action                     || total
---------------------------++-------
   Fire: Shortbow          ||   118
    Use: Scroll            ||     6
 Armour: Leather armour    ||     1
         Ring mail         ||     3
  Dodge: Dodged            ||    26

Table legend:
 A = Non-vault XP
 B = Vault XP
 C = Vault XP percentage of total XP
 D = Non-vault monster count
 E = Vault monster count
 F = Vault count percentage of total count
                 A         B        C        D         E       F
            +---------+---------+-------+---------+---------+-------
      Total |      93 |       5 |   5.1 |      39 |       4 |   9.3
            +---------+---------+-------+---------+---------+-------
        D:1 |      23 |       5 |  17.9 |      14 |       4 |  22.2
        D:2 |      37 |       0 |   0.0 |      19 |       0 |   0.0
        D:3 |      33 |       0 |   0.0 |       6 |       0 |   0.0
            +---------+---------+-------+---------+---------+-------
